 Dungeon Crawl Stone Soup version 0.27.1-33-g824d729ab1 (webtiles) character file.

Game seed: 9708629566211817032

16633 Atelerd the Geomancer (level 12, -6/72 HPs)
             Began as an Octopode Earth Elementalist on Dec 22, 2021.
             Was a Believer of Sif Muna.
             Mangled by a seven-headed hydra (15 damage)
             ... on level 2 of the Lair of Beasts.
             The game lasted 00:26:46 (13314 turns).

Atelerd the Geomancer (OpEE)                       Turns: 13314, Time: 00:26:47

Health: -6/72      AC:  1    Str:  8    XL:     12   Next: 39%
Magic:  11/34      EV: 14    Int: 21    God:    Sif Muna [**....]
Gold:   880        SH: 10    Dex: 13    Spells: 16/30 levels left

rFire    . . .     SeeInvis +   w - +3 dagger
rCold    + . .     Faith    .   i - +0 buckler
rNeg     . . .     Spirit   .   (helmet restricted)
rPois    +         Reflect  +   k - amulet of reflection
rElec    .         Harm     .   c - ring of protection from cold
rCorr    .         Rampage  .   G - ring of magical power
Will     .....                  C - ring of see invisible
Stlth    +++++.....             I - ring of wizardry
HPRegen  1.22/turn              (no ring)
MPRegen  0.24/turn              (no ring)
                                (no ring)
                                (no ring)

@: no status effects
A: almost no armour, amphibious, 8 rings, camouflage 1, gelatinous body 1,
(nimble swimmer 1), tentacles, tentacle spike 1, poison resistance, regeneration
1
a: Renounce Religion, Channel Magic


You were on level 2 of the Lair of Beasts.
You worshipped Sif Muna.
Sif Muna was pleased with you.
You visited 3 branches of the dungeon, and saw 13 of its levels.

You collected 880 gold pieces.

Inventory:

Hand Weapons
 a - a +0 dagger
 w - a +3 dagger (weapon)
Missiles
 b - 61 stones
 y - 4 throwing nets
Armour
 i - a +0 buckler (worn)
Jewellery
 c - a ring of protection from cold (left tentacle)
 k - an amulet of reflection (around mantle)
 C - a ring of see invisible (on tentacle)
 G - a ring of magical power (right tentacle)
 H - a ring of fire
 I - a ring of wizardry (on tentacle)
 K - a +6 ring of dexterity
Wands
 x - a wand of flame (46)
 E - a wand of acid (11)
 F - a wand of polymorph (9)
 J - a wand of iceblast (8)
Scrolls
 e - a scroll of silence {unknown}
 f - 3 scrolls of enchant armour
 g - a scroll of teleportation
 m - a scroll of amnesia
 n - a scroll of holy word
 p - 2 scrolls of summoning
 r - a scroll of immolation
 s - 2 scrolls of enchant weapon {unknown}
 u - a scroll of torment
 v - 2 scrolls of noise {unknown}
 A - a scroll of vulnerability
 B - a scroll of fog {unknown}
Potions
 d - 3 potions of flight
 h - 3 potions of curing
 j - 2 potions of lignification {unknown}
 l - 11 potions of degeneration
 o - a potion of haste
 q - a potion of berserk rage {unknown}
 t - 2 potions of cancellation {unknown}
 z - a potion of resistance {unknown}
 D - a potion of heal wounds {unknown}


   Skills:
 - Level 3.0 Fighting
 - Level 3.0 Short Blades
 - Level 5.0 Dodging
 - Level 8.0 Stealth
 - Level 5.0 Shields
 + Level 9.5 Spellcasting
 - Level 4.0 Conjurations
 - Level 1.0 Translocations
 - Level 2.0 Transmutations
 - Level 12.0 Earth Magic
 - Level 7.0 Invocations


You had 16 spell levels left.
You knew the following spells:

 Your Spells              Type           Power      Damage    Failure   Level
a - Sandblast             Erth           100%       2d20      1%          1
l - Lee's Rapid Deconstr  Erth           28%        3d16*     1%          5
n - Iskenderun's Mystic   Conj/Tloc      20%        2d6       10%         4
p - Petrify               Tmut/Erth      39%        N/A       1%          4

Your spell library contained the following spells:

 Spells                   Type           Power      Damage    Failure   Level
 Passwall                 Tmut/Erth      32%        N/A       1%          2
 Static Discharge         Conj/Air       18%        N/A       1%          2
 Stone Arrow              Conj/Erth      86%        3d12      1%          3
 Bolt of Magma            Conj/Fire/Erth 16%        4d9       9%          5
 Fulminant Prism          Conj/Hex       9%         3d7       12%         4
 Sticky Flame             Conj/Fire      18%        2d4       12%         4
 Passage of Golubria      Tloc           N/A        N/A       17%         4
 Dispel Undead            Necr           10%        3d9       26%         4
 Silence                  Hex/Air        5%         N/A       56%         5
 Lehudib's Crystal Spear  Conj/Erth      21%        10d6      99%         8
 Shatter                  Erth           28%        3d24*     100%        9


Dungeon Overview and Level Annotations

Branches:
Dungeon (10/15)            Temple (1/1) D:7            Lair (2/6) D:8
    Orc (0/2) D:10
  Swamp: Lair:2-4    Shoals: Lair:2-4     Snake: Lair:2-4    Spider: Lair:2-4

Altars:
Ashenzari
Cheibriados
Dithmenos
Elyvilon
Fedhas
Gozag
Hepliaklqana
Kikubaaqudgha
Makhleb
Nemelex Xobeh
Okawaru
Qazlal
Ru
Sif Muna
Trog
Uskayaw
Vehumet
Wu Jian
Xom
Yredelemnul
Zin
The Shining One

Shops:
D:2 :   D:4 (   D:9 [

Annotations:
D:8 exclusion: 2 downstairs
D:9 exclusion: downstairs
Lair:1 Fannar


Innate Abilities, Weirdness & Mutations

You cannot wear most types of armour.
You are amphibious.
You can wear up to eight rings at the same time.
Your skin changes colour to match your surroundings (Stealth+).
Your rubbery body absorbs attacks. (AC +1, EV +1)
((You are camouflaged near water. (Stealth+)))
You have tentacles for arms and can constrict up to eight enemies at once.
One of your tentacles bears a spike.
Your system is resistant to poisons. (rPois)
Your natural rate of healing is unusually fast.


Message History

Confirm with . or Enter, or press ? or * to list all spells.
Aiming: Sandblast (safe; 1% risk of failure)
Press: ? - help, Shift-Dir - straight line, f/p - komodo dragon
Aim: a komodo dragon (moderately wounded, petrified, 100% to hit)
The blast of sand hits the komodo dragon.
The komodo dragon is moderately wounded.
The komodo dragon is no longer petrified.
Casting: Sandblast (safe; 1% risk of failure)
Confirm with . or Enter, or press ? or * to list all spells.
Aiming: Petrify (dangerous; 1% risk of failure)
Press: ? - help, Shift-Dir - straight line, f/p - komodo dragon
Aim: a komodo dragon (moderately wounded, chance to affect: 50%)
The komodo dragon resists with some effort.
Your magical contamination has completely faded away.
Unknown command.
You see here 16 gold pieces.
Casting: Petrify (dangerous; 1% risk of failure)
Confirm with . or Enter, or press ? or * to list all spells.
Aiming: Petrify (dangerous; 1% risk of failure)
Press: ? - help, Shift-Dir - straight line, f/p - komodo dragon
Aim: a komodo dragon (moderately wounded, chance to affect: 50%)
The komodo dragon resists with some effort.
You block the komodo dragon's attack.
Unknown command.
Casting: Petrify (dangerous; 1% risk of failure)
Confirm with . or Enter, or press ? or * to list all spells.
Aiming: Petrify (dangerous; 1% risk of failure)
Press: ? - help, Shift-Dir - straight line, f/p - komodo dragon
Aim: a komodo dragon (moderately wounded, chance to affect: 50%)
The komodo dragon resists with some effort.
The komodo dragon bites you!!
* * * LOW HITPOINT WARNING * * *
You hear a roar!
A seven-headed hydra comes into view.
The seven-headed hydra bites you.
* * * LOW HITPOINT WARNING * * *
The seven-headed hydra bites you.
* * * LOW HITPOINT WARNING * * *
The seven-headed hydra bites you!
You die...

#....#...#.......#
..................##
.............[.....# #
...................# #
...................#####
........................
.....$.................
..#....l......#..#...$
#..@##.....#####P...
#.D###....#..####...
..... ..#.).#P........
........................
.........P..........#...
....................##..
....... ..##....#...
....P.# ##.##.... #PP...


You could see a seven-headed hydra and a komodo dragon.

Vanquished Creatures
  2 hydras
  Harold (D:7)
  2 two-headed ogres
  A wizard (D:9)
  A cyclops (D:9)
  A manticore (D:9)
  An unseen horror (D:10)
  2 cane toads (Lair:1)
  An efreet (D:9)
  A tengu conjurer (D:9)
  A komodo dragon (Lair:1)
  A troll (D:10)
  A hornet (D:9)
  Prince Ribbit (D:7)
  Sigmund (D:2)
  2 wyverns
  10 yaks
  3 wraiths
  4 steam dragons
  4 vampire mosquitoes (D:9)
  An acid dragon (D:10)
  3 water moccasins
  Duvessa (D:7)
  2 hornet zombies (D:8)
  A swamp drake (D:10)
  4 ice beasts
  9 orc warriors
  A black bear (D:6)
  2 ogres
  A necrophage (D:5)
  6 centaurs
  2 wolves (Lair:2)
  A phantom (D:5)
  A kobold brigand (D:9)
  3 bullfrogs
  A scorpion (D:4)
  A wyvern zombie (D:8)
  A water moccasin zombie (D:5)
  2 water moccasin skeletons
  Dowan (D:7)
  3 killer bees (D:8)
  2 howler monkeys (D:7)
  21 wights
  A bullfrog zombie (D:6)
  5 centaur zombies
  A bullfrog skeleton (D:5)
  2 hounds
  7 orc priests
  4 iguanas
  10 orc wizards
  A killer bee zombie (D:6)
  A howler monkey zombie (D:9)
  3 adders
  2 gnolls (D:1)
  A shadow imp (D:7)
  A white imp (D:5)
  2 ufetubi
  2 dart slugs
  54 orcs
  5 endoplasms
  6 giant cockroaches
  6 goblins
  5 hobgoblins
  3 jackals (D:3)
  7 quokkas
  6 ball pythons
  3 bats
  3 frilled lizards
  7 kobolds
  6 rats
265 creatures vanquished.

Vanquished Creatures (collateral kills)
  A centaur warrior (D:9)
1 creature vanquished.

Vanquished Creatures (others)
  2 fungi
  3 plants
5 creatures vanquished.

Grand Total: 271 creatures vanquished

Notes
Turn   | Place    | Note
-------+----------+-------------------------------------------
     0 | D:1      | Atelerd the Octopode Earth Elementalist began the quest for
                  | the Orb.
     0 | D:1      | Reached XP level 1. HP: 11/11 MP: 3/3
    76 | D:1      | Reached XP level 2. HP: 3/17 MP: 0/5
   426 | D:1      | Reached XP level 3. HP: 21/21 MP: 2/6
  1455 | D:2      | Reached XP level 4. HP: 27/27 MP: 8/8
  1626 | D:2      | Found Tompupa's Book Boutique.
  1694 | D:2      | Found a faded altar of an unknown god.
  1841 | D:2      | Noticed Sigmund
  1852 | D:2      | Killed Sigmund
  1853 | D:2      | Reached skill level 4 in Earth Magic
  1853 | D:2      | Reached XP level 5. HP: 17/31 MP: 1/10
  1871 | D:2      | Learned a level 4 spell: Petrify
  1877 | D:2      | Learned a level 5 spell: Lee's Rapid Deconstruction
  2034 | D:2      | Reached XP level 6. HP: 34/36 MP: 7/11
  2529 | D:3      | Reached skill level 5 in Earth Magic
  2614 | D:4      | Found Buhasy's Antique Weapon Boutique.
  3304 | D:4      | Reached XP level 7. HP: 40/41 MP: 4/13
  3929 | D:5      | Entered Level 5 of the Dungeon
  3940 | D:4      | Reached skill level 5 in Stealth
  4129 | D:5      | Reached skill level 5 in Spellcasting
  4129 | D:5      | Reached skill level 6 in Earth Magic
  4206 | D:5      | Noticed a wraith
  4272 | D:5      | Found a blossoming altar of Fedhas.
  4385 | D:5      | Found a hide-covered altar of Uskayaw.
  4422 | D:5      | Gained mutation: Your system is resistant to poisons.
                  | (rPois) [potion of mutation]
  4422 | D:5      | Gained mutation: Your natural rate of healing is unusually
                  | fast. [potion of mutation]
  4422 | D:5      | Gained mutation: One of your tentacles bears a spike.
                  | [potion of mutation]
  4511 | D:5      | Reached XP level 8. HP: 46/46 MP: 9/15
  4645 | D:5      | Reached skill level 1 in Short Blades
  4645 | D:5      | Reached skill level 1 in Shields
  4706 | D:5      | Reached skill level 7 in Earth Magic
  5286 | D:5      | Found an ancient bone altar of Kikubaaqudgha.
  5286 | D:5      | Found a white marble altar of Elyvilon.
  5290 | D:5      | Found a hazy altar of Hepliaklqana.
  5291 | D:5      | Found a glowing golden altar of the Shining One.
  5687 | D:6      | Reached skill level 8 in Earth Magic
  5687 | D:6      | Reached XP level 9. HP: 37/51 MP: 12/16
  5836 | D:6      | Learned a level 4 spell: Iskenderun's Mystic Blast
  5840 | D:6      | Found an opulent altar of Gozag.
  6017 | D:6      | Reached skill level 9 in Earth Magic
  6167 | D:6      | Found a burning altar of Makhleb.
  6333 | D:7      | Noticed Prince Ribbit
  6338 | D:7      | Killed Prince Ribbit
  6339 | D:7      | Reached skill level 10 in Earth Magic
  6531 | D:7      | Noticed Duvessa
  6531 | D:7      | Noticed Dowan
  6531 | D:7      | Noticed Harold
  6819 | D:8      | Found a staircase to the Lair.
  6953 | D:8      | Reached skill level 1 in Conjurations
  6954 | D:8      | Reached skill level 1 in Translocations
  6962 | D:8      | Reached skill level 1 in Fighting
  6982 | D:8      | Reached XP level 10. HP: 59/59 MP: 2/17
  7157 | D:8      | Found an iron altar of Okawaru.
  8635 | D:7      | Found a staircase to the Ecumenical Temple.
  8717 | Temple   | Entered the Ecumenical Temple
  8762 | Temple   | Became a worshipper of Sif Muna the Loreminder
  9009 | D:7      | Killed Dowan
  9021 | D:7      | Killed Duvessa
  9022 | D:7      | Reached skill level 1 in Invocations
  9135 | D:7      | Killed Harold
  9136 | D:7      | Reached skill level 5 in Dodging
  9136 | D:7      | Reached skill level 5 in Shields
  9530 | D:9      | Noticed a centaur warrior
  9539 | D:9      | Noticed a manticore
  9549 | D:9      | Killed a centaur warrior
  9858 | D:9      | Reached XP level 11. HP: 28/67 MP: 7/21
 10015 | D:9      | Noticed a cyclops
 10022 | D:9      | Killed a cyclops
 10125 | D:9      | Noticed a wizard
 10127 | D:9      | Killed a wizard
 10428 | D:9      | Reached skill level 11 in Earth Magic
 10571 | D:9      | Reached * piety under Sif Muna
 10654 | D:9      | Killed a manticore
 11245 | D:9      | Noticed an eight-headed hydra
 11250 | D:9      | Killed an eight-headed hydra
 11251 | D:9      | Reached skill level 5 in Invocations
 11385 | D:9      | Found Paemmong's Antique Armour Shop.
 11608 | D:9      | Noticed a two-headed ogre
 11612 | D:9      | Killed a two-headed ogre
 11886 | D:10     | Entered Level 10 of the Dungeon
 11894 | D:10     | Noticed a two-headed ogre
 12296 | D:10     | Found a staircase to the Orcish Mines.
 12549 | D:10     | Reached XP level 12. HP: 55/72 MP: 23/24
 12591 | D:10     | Killed a two-headed ogre
 12621 | D:10     | Reached ** piety under Sif Muna
 13089 | Lair:1   | Entered Level 1 of the Lair of Beasts
 13094 | Lair:1   | Noticed a five-headed hydra
 13101 | Lair:1   | Noticed Fannar
 13149 | Lair:1   | Reached skill level 12 in Earth Magic
 13216 | Lair:1   | Killed a five-headed hydra
 13235 | Lair:1   | You fall into a shaft and drop 1 floor!
 13313 | Lair:2   | Noticed a seven-headed hydra
 13314 | Lair:2   | Mangled by a seven-headed hydra

Illustrated notes

Levels and vault maps discovered:
D:1:      elethiomel_arrival_quiet, layout_basic, eino_curves_04
D:2:      layout_basic, dilly_ecumenical_altar_fadedgnrine, serial_shops,
          nicolae_shop_trees, uniq_sigmund
D:3:      layout_basic, minmay_between
D:4:      layout_cave_pools, serial_shops, nicolae_stop_n_shop_2
D:5:      layout_basic, minitemple, minmay_small_thing
D:6:      layout_rooms, mainiacjoe_overflow_alcove_1, grunt_gozag_statues,
          grunt_ministairs_8
D:7:      layout_cave_pools, minmay_temple_entry_drinking_statues, uniq_duvessa,
          uniq_harold, uniq_prince_ribbit1
D:8:      minmay_weird_star, layout_loops_cross,
          mainiacjoe_overflow_cross_hatched, special_room [special_room_orc]
D:9:      minmay_the_grid_net [minmay_the_grid_slots, minmay_the_grid_doors,
          minmay_the_grid_dragon_a, minmay_the_grid_stretched_grid,
          minmay_the_grid_expand, minmay_the_grid_prize_inner_circle],
          layout_basic, serial_shops, nicolae_shop_waterfront,
          grunt_ministairs_7, minmay_quadrilaterals
D:10:     layout_basic, erik_orc_1, serial_curves, eino_curves_03,
          eino_curves_01
Temple:   nicolae_temple_god_jail
Lair:1:   layout_regular_city, gauntlet_entry_generic,
          portal_ice_cave_entry_pillars_1, grunt_forest_small_clearing_treed,
          infiniplex_staircase_pool_2, uniq_fannar
Lair:2:   layout_hall_layers, elwin_shoals_entry_rooms

Skill      XL: |  1  2  3  4  5  6  7  8  9 10 11 12 |
---------------+-------------------------------------+-----
Transmutations | 2 |  2.0
Spellcasting   | 3 4 5 7 8 9 |  9.5
Earth Magic    | 4 5 6 8 10 11 12 | 12.0
Stealth        | 4 5 8 |  8.0
Short Blades   | 2 3 |  3.0
Shields        | 4 5 |  5.0
Dodging        | 3 5 |  5.0
Conjurations   | 1 4 |  4.0
Translocations | 1 |  1.0
Fighting       | 1 3 |  3.0
Invocations    | 4 6 7 |  7.0

Action                   |  1- 3 |  4- 6 |  7- 9 | 10-12 || total
-------------------------+-------+-------+-------+-------++-------
Melee: Unarmed           |     5 |       |       |       ||     5
       Constrict         |    12 |    14 |    14 |    20 ||    60
       Dagger            |    53 |    53 |    79 |    95 ||   280
       Tentacles         |     6 |     7 |    12 |    15 ||    40
       Kick              |       |       |    23 |    26 ||    49
 Cast: Sandblast         |    19 |    40 |   124 |   118 ||   301
       Petrify           |       |     3 |    21 |    52 ||    76
       Lee's Rapid Decon |       |       |       |    68 ||    68
       Iskenderun's Myst |       |       |       |     5 ||     5
Invok: Channel Magic     |       |       |       |     5 ||     5
  Use: Scroll            |       |       |     9 |     9 ||    18
       Potion            |       |       |     1 |     2 ||     3
 Stab: Sleeping          |     8 |     4 |     4 |     2 ||    18
       Petrified         |       |    11 |    41 |    33 ||    85
       Petrifying        |       |       |       |     3 ||     3
Armor: Skin              |     5 |     2 |     7 |     3 ||    17
Dodge: Dodged            |    41 |    54 |    69 |    65 ||   229
Block: Other             |       |       |    21 |       ||    21
       Reflection        |       |       |     3 |     7 ||    10
       Buckler           |       |       |    10 |    64 ||    74
